 Dungeon Crawl Stone Soup version 0.20-a0-1126-g0f15420 (webtiles) character file.

659 zhorgal the Cleaver (level 7, -5/57 HPs)
             Began as a Hill Orc Fighter on May 17, 2017.
             Slain by an ogre
             ... wielding a +0 giant club
              (17 damage)
             ... on level 6 of the Dungeon.
             The game lasted 00:13:20 (5034 turns).

zhorgal the Cleaver (Hill Orc Fighter)              Turns: 5034, Time: 00:13:21

Health: -5/57      AC: 10    Str: 21    XL:     7   Next: 55%
Magic:  7/7        EV:  5    Int:  8    God:
Gold:   464        SH: 12    Dex: 10    Spells: 6/6 levels left

rFire    + . .     SeeInvis .   a - +0 war axe
rCold    . . .     Gourm    .   c - +0 shield
rNeg     . . .     Faith    .   b - +0 scale mail
rPois    .         Spirit   .   (no helmet)
rElec    .         Reflect  +   (no cloak)
rCorr    .         Harm     .   s - +0 pair of gloves
MR       .....     Rnd*Tele +   (no boots)
Stlth    ..........             k - +3 amulet of reflection
Regen    0.2/turn               w - +2 ring of protection
MPRegen  0.1/turn               n - -2 ring of evasion (curse)

@: no status effects
A: fire resistance 1, teleportitis 1
a: no special abilities


You were on level 6 of the Dungeon.
You were very hungry.

You visited 1 branch of the dungeon, and saw 6 of its levels.

You collected 464 gold pieces.

Inventory:

Hand Weapons
 a - a +0 war axe (weapon)
 e - the +6 quarterstaff "Rulifi" {crush, Str+4 Stlth+}
   (You found it on level 4 of the Dungeon)

   It inflicts extra damage upon your enemies.
   It affects your strength (+4).
   It makes you more stealthy.
Missiles
 i - 128 stones (quivered)
Armour
 b - a +0 scale mail (worn)
 c - a +0 shield (worn)
 s - a +0 pair of gloves (worn)
Jewellery
 k - a +3 amulet of reflection (around neck)
 l - a +1 ring of protection
 n - a cursed -2 ring of evasion (right hand)
 t - an uncursed amulet of faith
 v - a +2 ring of intelligence
 w - a +2 ring of protection (left hand)
Wands
 j - a wand of flame (14/48)
 r - a wand of random effects (30/48)
Scrolls
 p - a scroll of teleportation
 y - a scroll of immolation
 B - 2 scrolls of identify
Potions
 d - 2 potions of might
 h - a potion of heal wounds
 m - a potion of curing
 o - 2 potions of agility
 x - a potion of magic {unknown}
Books
 q - a book of Cantrips

   Spells                             Type                      Level
   a - Confusing Touch                Hexes                        1
   b - Animate Skeleton               Necromancy                   1
   c - Summon Small Mammal            Summoning                    1
   d - Apportation                    Translocation                1
 A - a book of Changes

   Spells                             Type                      Level
   a - Beastly Appendage              Transmutation                1
   b - Sticks to Snakes               Transmutation                2
   c - Spider Form                    Transmutation/Poison         3
   d - Ice Form                       Ice/Transmutation            4
   e - Blade Hands                    Transmutation                5
Comestibles
 f - 4 bread rations
 g - 2 royal jellies
 z - 4 fruits


   Skills:
 - Level 3.6 Fighting
 + Level 10.6 Axes
 - Level 3.2 Armour
 - Level 3.2 Shields


You had 6 spell levels left.
You didn't know any spells.

Dungeon Overview and Level Annotations

Branches:
Dungeon (6/15)
 Temple: D:4-7

Altars:
Fedhas
Gozag
Hepliaklqana
Okawaru
Ru
Vehumet
Yredelemnul


Innate Abilities, Weirdness & Mutations

Your flesh is heat resistant. (rF+)
You are occasionally teleported next to monsters.


Message History

The ogre hits you with a giant club!!
The centaur wields a shortbow.
The centaur shoots an arrow.
You reflect the arrow off an invisible shield around you!
The arrow hits the centaur!
A bullfrog comes into view.
You barely miss the ogre.
The ogre is heavily wounded.
The centaur shoots an arrow.
The arrow barely misses you. You block the ogre's attack.
The centaur shoots an arrow.
You reflect the arrow off an invisible shield around you!
The arrow hits the centaur!
You hit the ogre.
The ogre is severely wounded.
The centaur shoots an arrow.
The arrow hits you!
* * * LOW HITPOINT WARNING * * *
The ogre barely misses you.
Your scale mail prevents you from hitting the ogre.
The ogre is severely wounded.
The ogre hits you with a giant club!
You die...

.⌠.
...
#.#
##F##
#.c.#
#.⌠.#
#O..#
#@#
###


You could see an ogre, a bullfrog and a centaur.

Vanquished Creatures
  An ice beast (D:5)
  An ogre (D:4)
  A gnoll sergeant (D:4)
  A scorpion (D:4)
  A crimson imp (D:5)
  A bullfrog zombie (D:5)
  Jessica (D:3)
  3 worker ants
  4 gnolls
  10 adders
  2 worms (D:2)
  4 leopard geckos
  2 ball pythons (D:2)
  11 bats
  2 giant cockroaches
  7 goblins
  5 hobgoblins
  3 jackals (D:1)
  10 kobolds
  2 quokkas
  A ball python skeleton (D:5)
  7 frilled lizards
  3 rats
83 creatures vanquished.

Notes
Turn   | Place    | Note
-------+----------+-------------------------------------------
     0 | D:1      | zhorgal the Hill Orc Fighter began the quest for the Orb.
     0 | D:1      | Reached XP level 1. HP: 19/19 MP: 1/1
    59 | D:1      | Reached skill level 3 in Axes
   200 | D:1      | Reached XP level 2. HP: 19/26 MP: 2/2
   379 | D:1      | Reached skill level 4 in Axes
   415 | D:1      | Gained mutation: You are occasionally teleported next to monsters. [potion of mutation]
   415 | D:1      | Gained mutation: Your flesh is heat resistant. (rF+) [potion of mutation]
   633 | D:1      | Reached XP level 3. HP: 29/31 MP: 3/3
  1002 | D:2      | Reached skill level 5 in Axes
  1147 | D:2      | Reached XP level 4. HP: 39/39 MP: 4/4
  1292 | D:2      | Reached skill level 6 in Axes
  1599 | D:2      | Found an iron altar of Okawaru.
  1612 | D:2      | Found an opulent altar of Gozag.
  1734 | D:2      | Found a blossoming altar of Fedhas.
  2256 | D:3      | Noticed Jessica
  2264 | D:3      | Killed Jessica
  2264 | D:3      | Reached XP level 5. HP: 36/45 MP: 5/5
  2360 | D:3      | Reached skill level 7 in Axes
  3089 | D:4      | Found a radiant altar of Vehumet.
  3190 | D:4      | Got a polished quarterstaff
  3208 | D:4      | Identified the +6 quarterstaff "Rulifi" {crush, Str+4 Stlth+} (You found it on level 4 of the Dungeon)
  3454 | D:4      | Reached skill level 8 in Axes
  3454 | D:4      | Reached XP level 6. HP: 40/51 MP: 6/6
  3500 | D:5      | Entered Level 5 of the Dungeon
  3741 | D:5      | Noticed an ice beast
  3752 | D:5      | Killed an ice beast
  3752 | D:5      | Reached skill level 9 in Axes
  3851 | D:5      | Reached XP level 7. HP: 48/57 MP: 7/7
  4002 | D:5      | Found a basalt altar of Yredelemnul.
  4002 | D:5      | Found a hazy altar of Hepliaklqana.
  4003 | D:5      | Found a sacrificial altar of Ru.
  4070 | D:4      | Reached skill level 10 in Axes
  5034 | D:6      | Slain by an ogre

Vault maps used:
D:1:      sevenhm_arrival_forest_fort_small_6, minmay_misc_feat_cross
D:2:      amethyst_overflow_temple_binary, nicolae_overflow_hidden_temple,
          first_bread
D:3:      uniq_jessica
D:4:      vehumet_altar_wand_db
D:5:      gammafunk_temple_overflow_forgotten
D:6:      lemuel_castle_with_subvaults, serial_shops,
          nicolae_shop_window_shopping, grunt_ministairs_5,
          minmay_divided_ellipse, uniq_blork_the_orc, uniq_prince_ribbit1

Skill      XL: |  1  2  3  4  5  6  7 |
---------------+----------------------+-----
Axes           | 3 4 5 6 8 9 10 | 10.6
Fighting       | |  3.6
Armour         | |  3.2
Shields        | |  3.2

Action                   |  1- 3 |  4- 6 |  7- 9 || total
-------------------------+-------+-------+-------++-------
Melee: War axe           |   118 |   181 |    32 ||   331
       Quarterstaff      |       |    14 |       ||    14
Throw: Stone             |    59 |    31 |     5 ||    95
Evoke: Wand              |       |       |     1 ||     1
  Use: Potion            |     1 |     6 |     2 ||     9
       Scroll            |       |     5 |     1 ||     6
 Stab: Paralysed         |       |       |     4 ||     4
  Eat: Chunk             |     1 |     7 |       ||     8
       Bread ration      |       |       |     1 ||     1
Armor: Scale mail        |    47 |    90 |     9 ||   146
Dodge: Dodged            |    30 |    59 |     8 ||    97
Block: Shield            |    56 |    89 |    20 ||   165
       Other             |       |     4 |       ||     4
       Reflection        |       |       |     2 ||     2
